 Dungeon Crawl Stone Soup version 0.29-a0-824-gd827844252 (webtiles) character file.

Game seed: 1040323450977105728

142383 DungeonMaster the Thaumaturge (level 16, -1/128 HPs)
             Began as a Demonspawn Hedge Wizard on July 7, 2022.
             Was an Initiate of Gozag.
             Engulfed by a cloud of freezing vapour (21 damage)
             ... on level 1 of the Snake Pit on July 10, 2022.
             The game lasted 02:10:46 (42974 turns).

DungeonMaster the Thaumaturge (DsHW)               Turns: 42974, Time: 02:10:47

Health: -1/128     AC: 20    Str: 14    XL:     16   Next: 80%
Magic:  38/41      EV: 23    Int: 22    God:    Gozag
Gold:   1193       SH: 12    Dex: 20    Spells: 14/39 levels left

rFire   . . .      SeeInvis .   a - +10 broad axe of the Howling Blowfly {vorpal, *Slow Str+5}
rCold   . . .      Faith    .   Z - +1 buckler {AC+3}
rNeg    . . .      Spirit   .   O - +1 robe "Keohink" {+Blink rPois MP+9 Str-3}
rPois   +          Reflect  .   D - +0 helmet
rElec   +          Harm     .   v - +2 cloak
rCorr   .          Rampage  .   u - +0 pair of gloves
Will    ++++.                   h - +0 pair of boots
Stlth   +.........              b - amulet of Vitality {RegenMP++ Regen++}
HPRegen 1.91/turn               K - ring "Vymepte" {*Corrode Fly rElec EV+4}
MPRegen 1.07/turn               J - ring of the Fifty Wars {Will+++ EV+4 Dex+7 Stlth-}

@: lethally poisoned (-1 -> -2), gold aura, flying, constricted, studying
Shields
A: rugged brown scales 3, foul stench 2, icemail 1, condensation shield,
weakness stinger 2, deterioration 1
a: Renounce Religion, Evoke Blink, Potion Petition, Call Merchant, Bribe Branch


You were on level 1 of the Snake Pit.
You worshipped Gozag.
Gozag was most pleased with you.
You visited 5 branches of the dungeon, and saw 25 of its levels.

You collected 7712 gold pieces.
You spent 5248 gold pieces at shops.
You paid 1271 gold pieces to Gozag.

Inventory:

Hand Weapons
 a - the +10 broad axe of the Howling Blowfly (weapon) {vorpal, *Slow Str+5}
   (You found it on level 13 of the Dungeon)

   It inflicts extra damage upon your enemies.
   Str:       It affects your strength (+5).
   *Slow:     It may slow you when you take damage.
 d - a +2 scimitar of flaming
 s - a +3 short sword of venom
Missiles
 c - 4 throwing nets
 E - 8 curare-tipped darts (quivered)
Armour
 h - a +0 pair of boots (worn)
 u - a +0 pair of gloves (worn)
 v - a +2 cloak (worn)
 w - the +1 leather armour "Tiupoog" {rElec rCorr Dex+3}
   (You found it on level 11 of the Dungeon)

   Dex:       It affects your dexterity (+3).
   rElec:     It insulates you from electricity.
   rCorr:     It protects you from acid and corrosion.
 D - a +0 helmet (worn)
 O - the +1 robe "Keohink" (worn) {+Blink rPois MP+9 Str-3}
   (You bought it in a shop on level 3 of the Dungeon)

   Str:       It affects your strength (-3).
   rPois:     It protects you from poison.
   MP:        It affects your magic capacity (+9).
   +Blink:    It lets you blink.
 Y - a +2 robe of cold resistance
 Z - a +1 buckler of protection (worn)
Magical Staves
 x - a staff of conjuration
 y - a staff of cold
Jewellery
 b - the amulet of Vitality (around neck) {RegenMP++ Regen++}
   (You bought it in a shop on level 15 of the Dungeon)

   [amulet of magic regeneration]

   It increases your rate of magic regeneration.
   Regen:     It increases your rate of health regeneration.
 t - the ring "Uhir" {rElec rF+ Will+ Int+4 Stlth+}
   (You found it on level 5 of the Lair of Beasts)

   [ring of willpower]

   Int:       It affects your intelligence (+4).
   rF:        It protects you from fire.
   rElec:     It insulates you from electricity.
   Will:      It increases your willpower.
   Stlth:     It makes you more stealthy.
 J - the ring of the Fifty Wars (right hand) {Will+++ EV+4 Dex+7 Stlth-}
   (You found it on level 4 of the Lair of Beasts)

   [ring of evasion]

   EV:        It affects your evasion (+4).
   Dex:       It affects your dexterity (+7).
   Will:      It greatly increases your willpower.
   Stlth:     It makes you less stealthy.
 K - the ring "Vymepte" (left hand) {*Corrode Fly rElec EV+4}
   (You bought it in a shop on level 2 of the Orcish Mines)

   [ring of evasion]

   EV:        It affects your evasion (+4).
   rElec:     It insulates you from electricity.
   Fly:       It grants you flight.
   *Corrode:  It may corrode you when you take damage.
 V - the ring of Birdsong {rPois Int+3}
   (You bought it in a shop on level 9 of the Dungeon)

   [ring of poison resistance]

   Int:       It affects your intelligence (+3).
   rPois:     It protects you from poison.
 W - a ring of see invisible
Wands
 g - a wand of quicksilver (8)
 k - a wand of charming (7)
 q - a wand of flame (9)
 H - a wand of iceblast (18)
 Q - a wand of digging (1)
 R - a wand of mindburst (17)
Scrolls
 i - 8 scrolls of blinking
 j - 6 scrolls of magic mapping
 l - a scroll of enchant weapon
 m - 3 scrolls of amnesia
 o - 4 scrolls of poison
 r - 4 scrolls of immolation
 S - 2 scrolls of fog
 U - 10 scrolls of teleportation
 X - 3 scrolls of fear
Potions
 e - 3 potions of might
 f - a potion of ambrosia
 p - 16 potions of curing
 A - 7 potions of invisibility
 B - 5 potions of haste
 C - 8 potions of heal wounds
 F - 7 potions of magic
 G - 2 potions of cancellation
 L - 3 potions of resistance
Miscellaneous
 M - a tin of tremorstones (2/2)
 T - a condenser vane


   Skills:
 - Level 9.3 Fighting
 - Level 5.0 Armour
 - Level 8.8 Dodging
 - Level 1.7 Stealth
 * Level 10.3 Shields
 * Level 12.3 Spellcasting
 * Level 10.0 Conjurations
 - Level 1.0 Summonings
 - Level 4.7 Translocations
 - Level 12.2 Ice Magic
 * Level 10.0 Air Magic
 - Level 7.0 Poison Magic


You had 14 spell levels left.
You knew the following spells:

 Your Spells              Type           Power      Damage    Failure   Level
a - Magic Dart            Conj           100%       1d8       1%          1
b - Blink                 Tloc           68%        N/A       1%          2
c - Freezing Cloud        Conj/Ice/Air   28%        6-21      1%          5
d - Mephitic Cloud        Conj/Pois/Air  52%        N/A       1%          3
e - Lightning Bolt        Conj/Air       27%        1d44      2%          5
f - Airstrike             Air            27%        0-9+      1%          4
g - Apportation           Tloc           68%        N/A       1%          1
h - Olgreb's Toxic Radia  Pois           44%        N/A       3%          4

Your spell library contained the following spells:

 Spells                   Type           Power      Damage    Failure   Level
 Freeze                   Ice            100%       1d11      1%          1
 Sting                    Tmut/Pois      100%       1d8       1%          1
 Poisonous Vapours        Pois/Air       100%       N/A       1%          2
 Frozen Ramparts          Ice            100%       1d12      1%          3
 Swiftness                Air            55%        N/A       1%          3
 Hailstorm                Conj/Ice       58%        3d13      1%          4
 Conjure Flame            Conj/Fire      35%        6-21      2%          3
 Dazzling Flash           Conj/Hex       70%        N/A       2%          3
 Gell's Gravitas          Tloc           34%        N/A       2%          3
 Teleport Other           Tloc           34%        N/A       2%          3
 Summon Small Mammal      Summ           72%        N/A       3%          1
 Necrotise                Necr           52%        1d6       5%          1
 Slow                     Hex            52%        N/A       5%          1
 Call Imp                 Summ           18%        N/A       5%          2
 Summon Lightning Spire   Summ/Air       37%        N/A       6%          4
 Summon Guardian Golem    Hex/Summ       15%        N/A       14%         3
 Conjure Ball Lightning   Conj/Air       27%        3x3d8     14%         6
 Confusing Touch          Hex            13%        N/A       17%         3
 Vampiric Draining        Necr           13%        2d6       17%         3
 Silence                  Hex/Air        17%        N/A       21%         5
 Summon Forest            Summ/Tloc      13%        N/A       43%         5
 Orb of Destruction       Conj           27%        9d9       61%         7
 Summon Mana Viper        Hex/Summ       15%        N/A       77%         5
 Dispersal                Tloc           17%        N/A       77%         6
 Agony                    Necr           13%        N/A       83%         5
 Summon Cactus Giant      Summ           9%         N/A       99%         6
 Spellforged Servitor     Conj/Summ      18%        N/A       99%         7
 Borgnjor's Revivificati  Necr           6%         N/A       100%        8
 Necromutation            Tmut/Necr      6%         N/A       100%        8
 Death's Door             Necr           6%         N/A       100%        9


Dungeon Overview and Level Annotations

Branches:
Dungeon (15/15)            Temple (1/1) D:7            Lair (6/6) D:11
 Shoals (0/4) Lair:2        Snake (1/4) Lair:2        Slime (0/5) Lair:5
    Orc (2/2) D:9             Elf (0/3) Orc:2        Vaults (0/5) D:14
 Depths (0/4) D:15

Altars:
Ashenzari
Cheibriados
Dithmenos
Fedhas
Gozag
Hepliaklqana
Kikubaaqudgha
Makhleb
Nemelex Xobeh
Okawaru
Qazlal
Ru
Sif Muna
Trog
Uskayaw
Vehumet
Wu Jian
Xom
Yredelemnul
Jiyva

Shops:
D:3 ![   D:6 !**   D:8 !   D:9 ==   D:15 ==   Orc:2 !*[=

Portals:
Pandemonium: Orc:2

Annotations:
D:4 2 transporters
D:8 2 transporters
D:11 exclusion: ice statue
Lair:2 3 runed translucent doors, crabbyslav's ghost, journeyman GnHW
Lair:5 3 runed translucent doors, gabibbone's ghost, journeyman MfGl


Innate Abilities, Weirdness & Mutations

You are completely covered in rugged brown scales. (AC +3, +7% HP)
You sometimes emit foul miasma when damaged in melee.
A meltable icy envelope protects you from harm. (AC +4)
A meltable shield of frost defends you. (SH +4)
You have a tail ending in a sharp stinger.
Your body sometimes deteriorates upon taking damage.


Message History

The naga warrior roars a battlecry!
The nagas go into a battle-frenzy!
The naga warrior constricts you.
The naga is engulfed in freezing vapours.
You block the naga's attack.
The salamander is engulfed in freezing vapours.
The salamander misses you.
The naga is engulfed in freezing vapours.
You kill the naga!
The naga warrior is engulfed in freezing vapours.
The naga warrior hits you with a +0 morningstar!
The naga warrior constricts you.
The naga warrior is engulfed in freezing vapours.
The naga warrior hits you with a +0 halberd!!
* * * LOW HITPOINT WARNING * * *
The salamander is engulfed in freezing vapours.
You block the salamander's attack.
Your Air Magic skill increases to level 10!
The naga warrior's grasp on you weakens, but your attempt to escape fails.
You are engulfed in freezing vapours.
* * * LOW HITPOINT WARNING * * *
The naga warrior is engulfed in freezing vapours.
The naga warrior spits poison at you.
The splash of poison hits you but does no damage.
You are poisoned.
You resist. The naga warrior constricts you.
* * * LOW HITPOINT WARNING * * *
The naga warrior is engulfed in freezing vapours.
The naga warrior roars a battlecry!
The naga warrior goes into a battle-frenzy!
The salamander is engulfed in freezing vapours.
The salamander hits you but does no damage.
Okay, then.
You slash the naga warrior!
Your tail-slap misses the naga warrior.
The naga warrior is severely wounded.
You slash the salamander!
You kill the salamander!
You hit the naga warrior.
You are engulfed in freezing vapours.
You die...
Your body crumbles into a pile of gold.

. .. ... ##....
#.....#
#####☼......
#§N§§# #§@N§#
#§#§§§# $
#§###§§§..
##..##§....
...##....##§....
#.......#..#..
###########.⌠.#
....
##.............#
... ..
##......⌠......##


You could see 2 naga warriors.

Vanquished Creatures
  A frost giant (D:11)
  Snorg (Orc:1)
  A fire dragon (D:15)
  Erolcha (D:9)
  2 ice dragons
  5 boulder beetles
  2 demonspawn (Orc:2)
  14 hydras
  An ogre mage (D:13)
  A naga warrior (Snake:1)
  An anaconda (Lair:2)
  A catoblepas (Lair:6)
  Erica (Lair:2)
  4 centaur warriors
  A merfolk avatar (Lair:6)
  5 two-headed ogres
  8 death yaks (Lair:6)
  7 orc high priests (Orc:2)
  Nergalle (Lair:2)
  Amaemon (D:8)
  A sea snake (Lair:6)
  A naga ritualist (Lair:2)
  4 deep elf zephyrmancers
  A wizard (D:15)
  4 orc knights
  4 lindwurms (Lair:5)
  A harpy (Lair:6)
  3 cyclopes
  13 ugly things
  3 manticores
  A mana viper (Lair:2)
  7 deep elf pyromancers
  A shining eye (shapeshifter) (D:15)
  6 orc sorcerers (Orc:2)
  2 salamanders (Snake:1)
  16 elephants
  A torpor snail (Lair:6)
  3 water nymphs (D:15)
  4 gargoyles
  11 black mambas
  12 cane toads
  An orange demon (D:8)
  Maggie (D:8)
  Psyche (D:11)
  2 efreet
  5 rime drakes
  2 demonic crawlers (D:13)
  An unseen horror (D:11)
  16 komodo dragons
  An ice devil (Orc:1)
  A wind drake (Lair:6)
  4 trolls
  3 hornets
  3 polar bears
  5 blink frogs (Lair:4)
  17 slime creatures
  2 wraiths (D:12)
  2 water elementals (D:11)
  2 wyverns
  61 yaks
  Eustachio (D:5)
  3 steam dragons
  Grum (D:8)
  7 basilisks
  A neqoxec (Orc:2)
  12 vampire mosquitoes
  4 wargs
  5 nagas
  13 water moccasins
  27 orc warriors
  12 ice beasts
  7 black bears
  An ogre (Orc:1)
  10 wolves
  10 centaurs
  6 kobold brigands
  2 necrophages
  6 bullfrogs
  6 scorpions
  7 wights
  5 killer bees (D:8)
  15 electric eels
  4 hounds
  4 jellies
  2 gnoll boudas
  26 orc priests
  15 orc wizards
  An iguana (D:4)
  Robin (D:4)
  A gnoll (shapeshifter) (D:14)
  16 gnolls
  5 adders
  3 white imps
  A worm (D:3)
  A dart slug (D:2)
  57 orcs
  3 ball pythons
  5 bats
  5 endoplasms
  4 giant cockroaches
  20 goblins
  8 hobgoblins
  6 quokkas
  3 frilled lizards
  24 kobolds
  5 rats
669 creatures vanquished.

Vanquished Creatures (collateral kills)
  2 dancing weapons (D:13)
  3 slime creatures (D:13)
  A wight (D:8)
6 creatures vanquished.

Vanquished Creatures (others)
  2 wights (D:8)
  An orc (Orc:1)
  A bush (Lair:6)
  49 fungi
  112 plants
165 creatures vanquished.

Grand Total: 840 creatures vanquished

Notes
Turn   | Place    | Note
-------+----------+-------------------------------------------
     0 | D:1      | DungeonMaster the Demonspawn Hedge Wizard began the quest
                  | for the Orb.
     0 | D:1      | Reached XP level 1. HP: 13/13 MP: 4/4
   267 | D:1      | Gained mutation: You are partially covered in rugged brown
                  | scales. (AC +1, +3% HP) [demonic ancestry]
   267 | D:1      | Reached XP level 2. HP: 13/19 MP: 1/6
  1176 | D:1      | Found a faded altar of an unknown god.
  1498 | D:2      | Reached XP level 3. HP: 24/24 MP: 6/8
  1577 | D:1      | Learned a level 2 spell: Blink
  1581 | D:1      | Learned a level 3 spell: Mephitic Cloud
  2447 | D:3      | Reached skill level 1 in Poison Magic
  2447 | D:3      | Reached XP level 4. HP: 20/30 MP: 4/9
  2557 | D:3      | Reached skill level 1 in Air Magic
  2586 | D:3      | Found Ycizxeg's Antique Armour Shop.
  3126 | D:3      | Found Budirarph's Distillery.
  3551 | D:4      | Noticed Robin
  3553 | D:4      | Noticed a steam dragon
  3685 | D:4      | Found a transporter.
  4046 | D:4      | Reached XP level 5. HP: 25/36 MP: 3/10
  4132 | D:4      | Killed Robin
  4337 | D:5      | Entered Level 5 of the Dungeon
  4694 | D:4      | Killed a steam dragon
  4695 | D:4      | Reached XP level 6. HP: 26/42 MP: 6/12
  4849 | D:4      | Found a broken altar of Ashenzari.
  4866 | D:4      | Found an ancient bone altar of Kikubaaqudgha.
  4936 | D:4      | Found a transporter.
  4938 | D:4      | Noticed an ice beast
  4938 | D:4      | Noticed an ice beast
  4939 | D:4      | Noticed an ice beast
  5151 | D:4      | Gained mutation: You are mostly covered in rugged brown
                  | scales. (AC +2, +5% HP) [demonic ancestry]
  5151 | D:4      | Reached XP level 7. HP: 32/48 MP: 7/13
  5269 | D:4      | Found a snail-covered altar of Cheibriados.
  5701 | D:4      | Found a sparkling altar of Nemelex Xobeh.
  5972 | D:5      | Reached skill level 5 in Spellcasting
  6663 | D:5      | Gained mutation: You are completely covered in rugged brown
                  | scales. (AC +3, +7% HP) [demonic ancestry]
  6663 | D:5      | Reached XP level 8. HP: 48/55 MP: 7/16
  6759 | D:5      | Identified the +0 ring mail "Eqeaphukhupt" {-Tele rF+
                  | Dex+4}
  6771 | D:5      | Noticed Eustachio
  6775 | D:5      | Reached skill level 5 in Conjurations
  6805 | D:5      | Killed Eustachio
  7513 | D:6      | Reached skill level 5 in Poison Magic
  7744 | D:6      | Found Ibbepaddoe's General Store.
  7876 | D:6      | Found Erir's Assorted Antiques.
  8261 | D:6      | Learned a level 1 spell: Apportation
  8469 | D:6      | Reached skill level 5 in Air Magic
  8550 | D:6      | Reached XP level 9. HP: 60/60 MP: 14/18
  8642 | D:6      | Found Poedin's Distillery.
  9155 | D:7      | Noticed a manticore
  9173 | D:7      | Killed a manticore
  9487 | D:7      | Found an iron altar of Okawaru.
  9546 | D:7      | Found a staircase to the Ecumenical Temple.
  9690 | Temple   | Entered the Ecumenical Temple
  9790 | Temple   | Became a worshipper of Gozag Ym Sagoz the Greedy
 10384 | D:7      | HP: 3/60 [electric eel/bolt of electricity (5)]
 11029 | D:7      | Noticed a gargoyle
 11036 | D:8      | Noticed Maggie
 11036 | D:8      | Found Siehoiw's Distillery.
 11051 | D:8      | Killed Maggie
 11052 | D:8      | Gained mutation: A meltable shield of frost defends you.
                  | (SH +4) [demonic ancestry]
 11052 | D:8      | Reached XP level 10. HP: 44/67 MP: 15/21
 11230 | D:8      | Noticed Grum
 11249 | D:8      | Killed Grum
 11250 | D:8      | Reached skill level 1 in Translocations
 11309 | D:8      | Found a burning altar of Makhleb.
 11540 | D:8      | Found a transporter.
 11541 | D:8      | Noticed a glowing orange brain
 11618 | D:8      | Reached skill level 1 in Fighting
 11908 | D:8      | Noticed a four-headed hydra
 11918 | D:8      | Killed a four-headed hydra
 12138 | D:8      | Found a viscous altar of Jiyva.
 12169 | D:8      | DungeonMaster: please tell me that is really 49% lol
 12367 | D:8      | Found a transporter.
 12445 | D:8      | Noticed Amaemon
 12445 | D:8      | Noticed an orange demon
 12510 | D:9      | Noticed a two-headed ogre
 12916 | D:9      | Noticed Erolcha
 13063 | D:9      | HP: 3/74 [something (21)]
 13065 | D:9      | Killed Erolcha
 13106 | D:9      | Killed a two-headed ogre
 13294 | D:9      | Found a staircase to the Orcish Mines.
 13470 | D:9      | Gained mutation: You may rarely emit foul miasma when
                  | damaged in melee. [demonic ancestry]
 13470 | D:9      | Reached XP level 11. HP: 82/82 MP: 16/23
 13635 | D:9      | Found Reoliw's Jewellery Emporium.
 13644 | D:9      | Bought the ring of Birdsong {rPois Int+3} for 499 gold
                  | pieces
 13644 | D:9      | Bought a ring of see invisible for 225 gold pieces
 13874 | D:9      | Found a shimmering blue altar of Sif Muna.
 14296 | D:9      | Found a shadowy altar of Dithmenos.
 14297 | D:9      | Found a hazy altar of Hepliaklqana.
 14582 | D:9      | Found Neruq's Jewellery Boutique.
 14689 | D:7      | Reached skill level 5 in Fighting
 14689 | D:7      | Reached skill level 5 in Dodging
 14737 | D:6      | Bought 5 curare-tipped darts for 36 gold pieces
 14737 | D:6      | Bought a scroll of identify for 24 gold pieces
 14737 | D:6      | Bought a scroll of amnesia for 42 gold pieces
 14796 | D:3      | Bought a potion of ambrosia for 80 gold pieces
 14796 | D:3      | Bought a potion of heal wounds for 50 gold pieces
 14796 | D:3      | Bought a potion of invisibility for 80 gold pieces
 14930 | D:10     | Entered Level 10 of the Dungeon
 15015 | D:10     | Noticed a two-headed ogre
 15044 | D:10     | Killed a two-headed ogre
 15280 | D:10     | Reached skill level 1 in Shields
 15953 | D:10     | Identified a scroll of acquirement
 15953 | D:10     | Acquired the Treatise on Air
 15961 | D:10     | Learned a level 5 spell: Freezing Cloud
 16464 | D:11     | Reached skill level 1 in Ice Magic
 16511 | D:11     | Noticed a two-headed ogre
 16526 | D:11     | Killed a two-headed ogre
 16846 | D:11     | Identified the +1 leather armour "Tiupoog" {rElec rCorr
                  | Dex+3}
 17029 | D:11     | Reached skill level 1 in Armour
 17054 | D:11     | Found a staircase to the Lair.
 17067 | D:11     | Learned a level 4 spell: Airstrike
 17078 | D:11     | Noticed an eight-headed hydra
 17088 | D:11     | Noticed Psyche
 17493 | D:11     | Killed Psyche
 18011 | Orc:1    | Entered Level 1 of the Orcish Mines
 18036 | Orc:1    | Noticed a deep elf zephyrmancer
 18042 | Orc:1    | Killed a deep elf zephyrmancer
 18043 | Orc:1    | Gained mutation: You sometimes emit foul miasma when
                  | damaged in melee. [demonic ancestry]
 18043 | Orc:1    | Reached XP level 12. HP: 92/92 MP: 21/25
 18774 | D:9      | Reached skill level 10 in Spellcasting
 19246 | Orc:1    | You fall into a shaft and drop 1 floor!
 19246 | Orc:2    | Entered Level 2 of the Orcish Mines
 19256 | Orc:1    | Noticed Snorg
 19278 | Orc:1    | Killed Snorg
 20266 | Orc:2    | Reached skill level 5 in Ice Magic
 21125 | Orc:2    | Reached skill level 5 in Armour
 22049 | Orc:2    | Noticed an orc high priest
 22090 | Orc:2    | Killed an orc high priest
 22113 | Orc:2    | Paralysed by an orc sorcerer for 5 turns
 22346 | Orc:2    | Found Nahogafu's Distillery.
 22349 | Orc:2    | Found Fyfy's General Store.
 22625 | Orc:2    | Noticed a demonspawn
 22625 | Orc:2    | Noticed an orc high priest
 22638 | Orc:2    | Gained mutation: You have a small tail. [demonic ancestry]
 22638 | Orc:2    | Reached XP level 13. HP: 98/98 MP: 21/27
 22987 | Orc:2    | Bought a potion of curing for 42 gold pieces
 22987 | Orc:2    | Bought a potion of heal wounds for 70 gold pieces
 22987 | Orc:2    | Bought a potion of resistance for 140 gold pieces
 22987 | Orc:2    | Bought a potion of magic for 112 gold pieces
 22989 | Orc:2    | Bought a scroll of enchant weapon for 90 gold pieces
 22989 | Orc:2    | Bought a scroll of fear for 42 gold pieces
 22989 | Orc:2    | Bought a scroll of identify for 24 gold pieces
 23013 | Orc:2    | Found a staircase to the Elven Halls.
 23768 | Orc:2    | Found Soakail's Antique Armour Boutique.
 23768 | Orc:2    | Found Aluziy's Jewellery Shop.
 23770 | Orc:2    | Found a one-way gate leading to the halls of Pandemonium.
 23774 | Orc:2    | Bought a glowing buckler for 217 gold pieces
 23774 | Orc:2    | Bought a dazzling scale mail for 261 gold pieces
 23774 | Orc:2    | Identified the +1 scale mail of Xuinwup {rF+ Str+5} (You
                  | bought it in a shop on level 2 of the Orcish Mines)
 23810 | Orc:2    | Bought the ring "Vymepte" {*Corrode Fly rElec EV+4} for 651
                  | gold pieces
 23956 | Lair:1   | Entered Level 1 of the Lair of Beasts
 24187 | Lair:1   | Reached skill level 10 in Ice Magic
 25492 | Lair:2   | Found a staircase to the Shoals.
 25602 | Lair:2   | Noticed Erica
 25616 | Lair:2   | Killed Erica
 26049 | Lair:2   | Found a staircase to the Snake Pit.
 26156 | Lair:2   | Noticed Nergalle
 26175 | Lair:2   | Killed Nergalle
 26349 | Lair:2   | Found a runed translucent gate.
 26349 | Lair:2   | Found a runed translucent gate.
 26353 | Lair:2   | Found a runed translucent gate.
 26356 | Lair:2   | Noticed crabbyslav's ghost (journeyman GnHW)
 27616 | Lair:4   | Identified the ring of the Fifty Wars {Will+++ EV+4 Dex+7
                  | Stlth-}
 27816 | Lair:4   | Reached XP level 14. HP: 73/104 MP: 8/28
 28913 | Lair:5   | Found a runed translucent gate.
 28913 | Lair:5   | Found a runed translucent gate.
 28913 | Lair:5   | Found a runed translucent gate.
 28915 | Lair:5   | Noticed gabibbone's ghost (journeyman MfGl)
 29412 | Lair:5   | Found a staircase to the Slime Pits.
 29916 | Lair:5   | Reached skill level 5 in Shields
 30090 | Lair:5   | Gained mutation: You have a tail ending in a sharp stinger.
                  | [demonic ancestry]
 30090 | Lair:5   | Reached XP level 15. HP: 112/112 MP: 29/29
 30093 | Lair:5   | Identified the ring "Uhir" {rElec rF+ Will+ Int+4 Stlth+}
 30149 | Lair:6   | Entered Level 6 of the Lair of Beasts
 32397 | Lair:6   | Identified the +2 chain mail of Liumech {rCorr Str+2 Dex+3}
 32483 | Lair:6   | Learned a level 5 spell: Lightning Bolt
 33289 | D:11     | Noticed a frost giant
 34121 | D:11     | Killed a frost giant
 34122 | D:11     | Gained mutation: A meltable icy envelope protects you from
                  | harm. (AC +4) [demonic ancestry]
 34122 | D:11     | Reached XP level 16. HP: 70/123 MP: 8/31
 34783 | D:8      | Bought a potion of curing for 42 gold pieces
 34783 | D:8      | Bought a potion of heal wounds for 70 gold pieces
 34783 | D:8      | Bought a potion of haste for 140 gold pieces
 34783 | D:8      | Bought a potion of heal wounds for 70 gold pieces
 34783 | D:8      | Bought a potion of haste for 140 gold pieces
 34816 | D:8      | Killed Amaemon
 34968 | D:6      | Bought a potion of heal wounds for 75 gold pieces
 34968 | D:6      | Bought a potion of curing for 45 gold pieces
 34968 | D:6      | Bought a potion of haste for 150 gold pieces
 34968 | D:6      | Bought a potion of heal wounds for 75 gold pieces
 34968 | D:6      | Bought a potion of resistance for 150 gold pieces
 34968 | D:6      | Bought a potion of resistance for 150 gold pieces
 35019 | D:3      | Bought a potion of mutation for 80 gold pieces
 35019 | D:3      | Bought a potion of mutation for 80 gold pieces
 35019 | D:3      | Bought a potion of mutation for 80 gold pieces
 35072 | D:3      | Bought a masterwork leather armour for 147 gold pieces
 35072 | D:3      | Identified the +1 leather armour of Gaagonk {Stlth+} (You
                  | bought it in a shop on level 3 of the Dungeon)
 35072 | D:3      | Bought a dull robe for 119 gold pieces
 35072 | D:3      | Identified the +1 robe "Keohink" {+Blink rPois MP+9 Str-3}
                  | (You bought it in a shop on level 3 of the Dungeon)
 35210 | D:6      | Bought a scroll of blinking for 210 gold pieces
 35360 | D:7      | Found the +6 shillelagh "Devastator" {shatter}
 36841 | D:12     | Identified the +5 dagger of Veff {freeze, *Corrode rC+
                  | Dex+6}
 37611 | D:12     | Learned a level 4 spell: Olgreb's Toxic Radiance
 39089 | D:13     | Identified the +10 broad axe of the Howling Blowfly
                  | {vorpal, *Slow Str+5}
 40574 | D:14     | Found a gate to the Vaults.
 41155 | D:15     | Entered Level 15 of the Dungeon
 41666 | D:15     | Gained mutation: Your body sometimes deteriorates upon
                  | taking damage. [a shining eye]
 41772 | D:15     | Found a staircase to the Depths.
 41836 | D:15     | Bought the amulet of Vitality {RegenMP++ Regen++} for 740
                  | gold pieces
 41836 | D:15     | Found the amulet of Vitality {RegenMP++ Regen++}
 41958 | D:15     | Reached skill level 10 in Shields
 42298 | D:15     | Upgraded the game from 0.29-a0-822-ga620ab95ad to
                  | 0.29-a0-824-gd827844252
 42636 | Snake:1  | Entered Level 1 of the Snake Pit
 42904 | Snake:1  | Reached skill level 10 in Conjurations
 42973 | Snake:1  | Reached skill level 10 in Air Magic
 42974 | Snake:1  | Engulfed by a cloud of freezing vapour

Illustrated notes

Levels and vault maps discovered:
D:1:      dpeg_arrival_subterranean_lakeside_camping, layout_loops_ring,
          dreamdust_ecumenical_altar_hidden_monk_grotto, st_stairs_1,
          chequers_serial_rivers_room_a
D:2:      layout_basic, grunt_ministairs_9, minivault_25
D:3:      layout_basic, serial_shops, nicolae_shop_hallway_stairs, shop,
          serial_glass, glass_columns_b, glass_columns_a
D:4:      gammafunk_cloud_chamber, layout_rooms, mainiacjoe_overflow_brackets,
          mainiacjoe_overflow_big_doors, lemuel_round_altar,
          corexii_item_surrounded_by_moat, chequers_garden, uniq_robin
D:5:      layout_loops_ring, uniq_eustachio
D:6:      layout_basic, serial_shops, nicolae_shop_crystal,
          nicolae_inconvenience_store, nicolae_shop_hallway_stairs,
          minivault_22, hellmonk_bongcloud_opening, abandoned_shop,
          nicolae_kite_square_tiling_tiny
D:7:      minmay_clustersquares, layout_basic, okawaru_ov_weapons_minmay,
          minmay_temple_entry_wispy, serial_bayou, serial_bayou_pond_a,
          serial_bayou_shore_a, serial_bayou_ford_a, serial_bayou_lake_a,
          dilly_guarded_unrand_devastator
D:8:      gammafunk_jiyva_shrine, layout_loops_cross, kennysheep_little_box,
          serial_shops, nicolae_shop_statue_plus, uniq_grum, uniq_maggie,
          uniq_amaemon
D:9:      layout_loops_corners, riverfiend_overflow_shadow_ancestor,
          led_sif_pool, erik_orc_4, serial_shops, nicolae_diamond_shop,
          nicolae_lakefront_shop, uniq_erolcha
D:10:     layout_loops_ring, tso_altar,
          hangedman_abyss_or_decor_jellyfish_corner
D:11:     minmay_twisted_water, layout_basic, lair_entry_dummy, uniq_psyche
D:12:     layout_grid_maze, gauntlet_entry_generic
D:13:     layout_cave_pods, st_stairs_1, einodemon_crawler_minivault
D:14:     layout_rooms, erik_vaults_1, nicolae_titane
D:15:     grunt_enter_depths_hoard, layout_rooms, small_statue_alley_a,
          nicolae_splish_splash
Temple:   nicolae_temple_godzebo
Lair:1:   layout_cave_pods, beast_lair_carwin_1
Lair:2:   layout_gridlike, minmay_shoals_entry_centaurs,
          guppyfry_snake_entry_island, gammafunk_ghost_necromancy,
          chequers_serial_rivers_marsh, serial_bayou_crossing, uniq_erica,
          uniq_nergalle
Lair:3:   layout_roguey, minmay_holes
Lair:4:   layout_loops_ring
Lair:5:   layout_regular_city, dpeg_slime_entry_corner,
          gammafunk_ghost_hydra_chop, minmay_lindwurm_lava, lemuel_fruit_fields,
          infiniplex_staircase_pool_2
Lair:6:   gammafunk_lair_ancient_temple, layout_layer_cave,
          chequers_serial_rivers_room_a, grunt_forest_small_clearing_treed
Snake:1:  layout_onion_interference, portal_ice_cave_entry_pillars_four,
          nicolae_triple_integral
Orc:1:    layout_caves, elves_outpost_lemuel, uniq_snorg
Orc:2:    pf_orc_diabolical, layout_caves

Skill      XL: |  1  2  3  4  5  6  7  8  9 10 11 12 13 14 15 16 |
---------------+-------------------------------------------------+-----
Conjurations   | 2 3 4 6 7 9 10 | 10.0
Poison Magic   | 1 2 3 4 5 6 7 |  7.0
Air Magic      | 1 2 3 5 6 8 9 10 | 10.0
Spellcasting   | 4 5 6 7 8 9 10 11 12 | 12.3
Translocations | 3 4 |  4.7
Dodging        | 4 5 7 8 |  8.8
Fighting       | 4 5 7 9 |  9.3
Shields        | 3 4 5 7 10 | 10.3
Ice Magic      | 3 8 11 12 | 12.2
Armour         | 2 5 |  5.0
Stealth        | |  1.7
Summonings     | |  1.0

Action                   |  1- 3 |  4- 6 |  7- 9 | 10-12 | 13-15 | 16-18 || total
-------------------------+-------+-------+-------+-------+-------+-------++-------
Melee: Dagger            |    17 |    27 |   200 |   210 |       |       ||   454
       Short sword       |     3 |    35 |       |   427 |   361 |   166 ||   992
       Punch             |       |       |     1 |     6 |       |       ||     7
       War axe           |       |       |     1 |   125 |   240 |    58 ||   424
       Tailslap          |       |       |       |       |   154 |    66 ||   220
       Scimitar          |       |       |       |       |     9 |     4 ||    13
       Broad axe         |       |       |       |       |       |    42 ||    42
Throw: Dart              |       |     8 |     5 |    13 |     1 |       ||    27
 Cast: Magic Dart        |   106 |   104 |   144 |   284 |   143 |    50 ||   831
       Mephitic Cloud    |       |     5 |    44 |   116 |    73 |    35 ||   273
       Blink             |       |       |     1 |     3 |     3 |     6 ||    13
       Freezing Cloud    |       |       |       |     2 |    65 |    48 ||   115
       Airstrike         |       |       |       |       |    15 |    63 ||    78
       Lightning Bolt    |       |       |       |       |     4 |     5 ||     9
Invok: Call Merchant     |       |       |       |       |       |     2 ||     2
Evoke: Wand              |       |       |     2 |    24 |     8 |       ||    34
  Use: Scroll            |     7 |     4 |     4 |    12 |     7 |     3 ||    37
       Potion            |       |     1 |       |     2 |     3 |     1 ||     7
 Stab: Confused          |       |     3 |    18 |    61 |    58 |    24 ||   164
       Sleeping          |       |       |     3 |     2 |     1 |       ||     6
       Distracted        |       |       |     1 |     3 |     6 |     1 ||    11
Armor: Robe              |    14 |    52 |    93 |   108 |     6 |    99 ||   372
       Leather armour    |       |       |       |   109 |   218 |       ||   327
Dodge: Dodged            |    26 |    47 |   125 |   310 |   370 |   340 ||  1218
Block: Other             |       |       |     4 |    89 |       |       ||    93
       Reflection        |       |       |       |    16 |     8 |       ||    24
       Buckler           |       |       |       |   379 |   626 |   232 ||  1237

Table legend: (Time is in decaauts)
 A = Elapsed time spent in this place.
 B = Non-inter-level travel time spent in this place.
 C = Inter-level travel time spent in this place.
 D = Time resting spent in this place.
 E = Time spent auto-exploring this place.
 F = Levels seen in this place.
 G = Mean time per level.
                   A        B        C        D        E       F      G
               +--------+--------+--------+--------+--------+-----+--------+
         Total |  43508 |  41159 |   2349 |  15382 |  16874 |  25 | 1740.3 |
       Dungeon |  28508 |  26510 |   1998 |  10282 |  10789 |  15 | 1900.5 |
        Temple |    129 |    100 |     29 |      0 |     72 |   1 |  129.0 |
          Lair |   9802 |   9541 |    261 |   2646 |   5001 |   6 | 1633.7 |
     Snake Pit |     93 |     93 |      0 |     13 |     21 |   1 |   93.0 |
  Orcish Mines |   4974 |   4915 |     59 |   2441 |    990 |   2 | 2487.0 |
               +--------+--------+--------+--------+--------+-----+--------+

Top non-repeatable levels by time:
     D:9: 3325 daAuts
  Lair:6: 3141 daAuts
    D:11: 2762 daAuts
   Orc:2: 2708 daAuts
    D:13: 2658 daAuts
     D:7: 2432 daAuts
    D:12: 2346 daAuts
   Orc:1: 2266 daAuts
  Lair:2: 1975 daAuts
     D:8: 1975 daAuts
     D:5: 1809 daAuts
     D:3: 1805 daAuts
     D:6: 1766 daAuts
    D:10: 1765 daAuts
  Lair:5: 1637 daAuts
